 Dungeon Crawl Stone Soup version 0.25.1-1-g288607f5aa (webtiles) character file.

Game seed: 4382708906580422329

65 Efemafry the Charmwright (level 4, -3/38 HPs)
             Began as a Gnoll Skald on July 22, 2020.
             Slain by a worker ant (4 damage)
             ... on level 4 of the Dungeon.
             The game lasted 00:03:48 (2841 turns).

Efemafry the Charmwright (Gnoll Skald)              Turns: 2841, Time: 00:03:52

Health: -3/38      AC:  3    Str: 14    XL:     4   Next: 13%
Magic:  10/11      EV: 14    Int: 16    God:
Gold:   256        SH:  0    Dex: 14    Spells: 2/13 levels left

rFire    . . .     SeeInvis .   a - +0 spear
rCold    . . .     Gourm    .   (no shield)
rNeg     . . .     Faith    .   b - +0 leather armour
rPois    .         Spirit   .   (no helmet)
rElec    .         Reflect  .   (no cloak)
rCorr    .         Harm     .   (no gloves)
MR       .....                  (no boots)
Stlth    +.........             (no amulet)
HPRegen  0.12/turn              (no ring)
MPRegen  0.12/turn              (no ring)

@: lethally poisoned (-3 -> -8), infused, stab
A: distributed training, fangs 1, strong nose
a: no special abilities


You were on level 4 of the Dungeon.
You were not hungry.

You visited 1 branch of the dungeon, and saw 4 of its levels.

You collected 256 gold pieces.

Inventory:

Hand Weapons
 a - a +0 spear (weapon)
Missiles
 c - 16 bolts
 e - 23 poisoned darts (quivered)
Armour
 b - a +0 leather armour (worn)
 i - a +2 hat of see invisible
Jewellery
 k - an uncursed ring of positive energy {unknown}
 n - a cursed ring of attention {unknown}
 q - a +4 ring of evasion {unknown}
Scrolls
 f - a scroll of enchant armour {unknown}
 h - 2 scrolls of identify {unknown}
 j - 2 scrolls of teleportation {unknown}
 p - a scroll of random uselessness {unknown}
 s - 2 scrolls of enchant weapon {unknown}
Potions
 g - a potion of haste {unknown}
 l - 2 potions of curing {unknown}
 m - a potion of stabbing
 r - a potion of heal wounds {unknown}
Comestibles
 d - 9 rations


   Skills:
 + Level 4.6 Fighting
 + Level 1.0 Short Blades
 + Level 1.0 Long Blades
 + Level 1.0 Axes
 + Level 1.0 Maces & Flails
 + Level 4.6 Polearms
 + Level 1.0 Staves
 + Level 1.0 Slings
 + Level 1.0 Bows
 + Level 1.0 Crossbows
 + Level 1.0 Throwing
 + Level 2.7 Armour
 + Level 4.6 Dodging
 + Level 1.0 Stealth
 + Level 1.0 Shields
 + Level 1.0 Unarmed Combat
 + Level 5.0 Spellcasting
 + Level 0.7 Conjurations
 + Level 0.7 Hexes
 + Level 5.4 Charms
 + Level 0.7 Summonings
 + Level 0.7 Necromancy
 + Level 0.7 Translocations
 + Level 0.7 Transmutations
 + Level 0.7 Fire Magic
 + Level 0.7 Ice Magic
 + Level 0.7 Air Magic
 + Level 0.7 Earth Magic
 + Level 0.7 Poison Magic
 + Level 1.1 Invocations
 + Level 1.0 Evocations


You had 2 spell levels left.
You knew the following spells:

 Your Spells              Type           Power        Failure   Level  Hunger
a - Infusion              Chrm           ###.         1%          1    None
b - Song of Slaying       Chrm           ###.....     3%          2    #......
c - Shroud of Golubria    Chrm/Tloc      ##....       8%          2    #......
d - Ozocubu's Armour      Chrm/Ice       ##......     16%         3    ###....
e - Spectral Weapon       Hex/Chrm       ##......     16%         3    ###....

Your spell library contained the following spells:

 Spells                   Type           Power        Failure   Level  Hunger


Dungeon Overview and Level Annotations

Branches:
Dungeon (4/15)
 Temple: D:4-7

Altars:
Makhleb

Annotations:
D:3 2 transporters, flea's ghost, amateur DsGl


Innate Abilities, Weirdness & Mutations

Your experience applies equally to all skills.
You have very sharp teeth.
Your uncanny sense of smell can sniff out nearby items.


Message History

Casting: Infusion (safe; 1% risk of failure)
Confirm with . or Enter, or press ? or * to list all spells.
You begin infusing your attacks with magical energy.
The centaur skeleton hits you.
* * * LOW HITPOINT WARNING * * *
The worker ant closely misses you.
You hit the worker ant but do no damage.
You bite the worker ant, but do no damage.
The worker ant is lightly wounded.
* * * LOW HITPOINT WARNING * * *
You feel sick. The centaur skeleton hits you.
* * * LOW HITPOINT WARNING * * *
The worker ant misses you.
It was a potion of stabbing.
You feel ready to backstab.
* * * LOW HITPOINT WARNING * * *
You feel sick. The centaur skeleton hits you.
* * * LOW HITPOINT WARNING * * *
The worker ant bites you.
You die...

....#.∆ ......#
...... .......#
#..... #......#
#.....##......#∆
..............#
....?.........#
#.#...........#
#..#..$aZ$....#
# #....@.....#
##......##.#
...........+.#
+######....#.#∆
.........<#
...........#
...........#
.........#.#
.....#.....#


You could see a worker ant and a centaur skeleton.

Vanquished Creatures
  2 adders
  An ooze (D:2)
  An orc (D:3)
  2 bats
  4 giant cockroaches
  3 goblins (D:3)
  6 hobgoblins
  3 jackals (D:1)
  2 quokkas
  A ball python (D:1)
  5 frilled lizards
  3 kobolds
  7 rats
40 creatures vanquished.

Notes
Turn   | Place    | Note
-------+----------+-------------------------------------------
     0 | D:1      | Efemafry the Gnoll Skald began the quest for the Orb.
     0 | D:1      | Reached XP level 1. HP: 20/20 MP: 6/6
   495 | D:1      | Reached XP level 2. HP: 25/26 MP: 7/7
   860 | D:2      | Reached XP level 3. HP: 31/31 MP: 9/9
   880 | D:2      | Found a burning altar of Makhleb.
   907 | D:2      | Reached skill level 5 in Spellcasting
  1976 | D:3      | Reached skill level 1 in Invocations
  2212 | D:3      | Found a transporter.
  2212 | D:3      | Noticed flea's ghost (amateur DsGl)
  2239 | D:3      | Reached skill level 1 in Short Blades
  2239 | D:3      | Reached skill level 1 in Long Blades
  2239 | D:3      | Reached skill level 1 in Axes
  2239 | D:3      | Reached skill level 1 in Maces & Flails
  2239 | D:3      | Reached skill level 1 in Staves
  2239 | D:3      | Reached skill level 1 in Slings
  2239 | D:3      | Reached skill level 1 in Bows
  2239 | D:3      | Reached skill level 1 in Crossbows
  2239 | D:3      | Reached skill level 1 in Throwing
  2239 | D:3      | Reached skill level 1 in Stealth
  2239 | D:3      | Reached skill level 1 in Shields
  2239 | D:3      | Reached skill level 1 in Unarmed Combat
  2239 | D:3      | Reached skill level 1 in Evocations
  2243 | D:3      | Learned a level 2 spell: Song of Slaying
  2246 | D:3      | Learned a level 2 spell: Shroud of Golubria
  2250 | D:3      | Learned a level 3 spell: Ozocubu's Armour
  2254 | D:3      | Learned a level 3 spell: Spectral Weapon
  2313 | D:3      | Reached XP level 4. HP: 34/38 MP: 8/11
  2518 | D:3      | Found a transporter.
  2841 | D:4      | HP: 1/38 [centaur skeleton (1)]
  2841 | D:4      | Slain by a worker ant

Illustrated notes

Levels and vault maps discovered:
D:1:      dpeg_arrival_shelter, layout_basic, roderic_roman_lattice
D:2:      layout_basic, old_standard_altar, minmay_tromino_i4
D:3:      layout_basic, gammafunk_ghost_mausoleum, first_ration
D:4:      layout_basic, grunt_temple_overflow_cloverleaf, serial_shops,
          nicolae_shop_window_shopping, hangedman_minor_gate_pass

Skill      XL: |  1  2  3 |
---------------+----------+-----
Spellcasting   | 5 |  5.0
Invocations    | 1 |  1.1
Short Blades   | 1 |  1.0
Long Blades    | 1 |  1.0
Axes           | 1 |  1.0
Maces & Flails | 1 |  1.0
Staves         | 1 |  1.0
Slings         | 1 |  1.0
Bows           | 1 |  1.0
Crossbows      | 1 |  1.0
Throwing       | 1 |  1.0
Stealth        | 1 |  1.0
Shields        | 1 |  1.0
Unarmed Combat | 1 |  1.0
Evocations     | 1 |  1.0
Fighting       | |  4.6
Polearms       | |  4.6
Armour         | |  2.7
Dodging        | |  4.6
Conjurations   | |  0.7
Hexes          | |  0.7
Charms         | |  5.4
Summonings     | |  0.7
Necromancy     | |  0.7
Translocations | |  0.7
Transmutations | |  0.7
Fire Magic     | |  0.7
Ice Magic      | |  0.7
Air Magic      | |  0.7
Earth Magic    | |  0.7
Poison Magic   | |  0.7

Action                   |  1- 3 |  4- 6 || total
-------------------------+-------+-------++-------
Melee: Spear             |   118 |    10 ||   128
       Bite              |     4 |     2 ||     6
 Cast: Infusion          |     1 |     1 ||     2
  Use: Potion            |       |     1 ||     1
 Stab: Sleeping          |     6 |       ||     6
  Eat: Chunk             |     4 |     2 ||     6
Armor: Leather armour    |    17 |     1 ||    18
Dodge: Dodged            |    46 |     5 ||    51
